 Dungeon Crawl Stone Soup version 0.26-a0-651-gb41185065b (webtiles) character file.

Game seed: 8163787904489376055

42 Lanoc the Skirmisher (level 3, 0/29 HPs)
             Began as a Demonspawn Chaos Knight on Oct 10, 2020.
             Was a Plaything of Xom.
             Succumbed to an orc's poison
             ... on level 3 of the Dungeon.
             The game lasted 00:00:48 (469 turns).

Lanoc the Skirmisher (Demonspawn Chaos Knight)       Turns: 469, Time: 00:00:49

Health: 0/29       AC:  5    Str: 12    XL:     3   Next: 35%
Magic:  3/3        EV: 11    Int: 13    God:    Xom [..*...]
Gold:   109        SH:  0    Dex: 13    Spells: 2/2 levels left

rFire    . . .     SeeInvis .   a - +0 mace (chaos)
rCold    . . .     Faith    .   (no shield)
rNeg     . . .     Spirit   .   b - +2 leather armour
rPois    .         Reflect  .   (no helmet)
rElec    .         Harm     .   (no cloak)
rCorr    .         Rampage  .   (no gloves)
MR       .....                  (no boots)
Stlth    +.........             (no amulet)
HPRegen  0.09/turn              (no ring)
MPRegen  0.08/turn              (no ring)

@: lethally poisoned (0 -> -29)
A: powered by pain 2
a: Renounce Religion


You were on level 3 of the Dungeon.
You worshipped Xom.
You were a toy of Xom.
You visited 1 branch of the dungeon, and saw 3 of its levels.

You collected 109 gold pieces.

Inventory:

Hand Weapons
 a - a +0 mace of chaos (weapon)
Armour
 b - a +2 leather armour (worn)
Scrolls
 c - a scroll of teleportation {unknown}
 d - a scroll of identify {unknown}
 e - a scroll of remove curse {unknown}
 f - 3 scrolls of immolation {unknown}


   Skills:
 + Level 3.3 Fighting
 * Level 3.3 Maces & Flails
 + Level 2.2 Armour
 + Level 1.4 Dodging


You had 2 spell levels left.
You didn't know any spells.
Your spell library was empty.

Dungeon Overview and Level Annotations

Branches:
Dungeon (3/15)

Altars:


Innate Abilities, Weirdness & Mutations

You sometimes gain power by taking damage.


Message History

You are too injured to fight recklessly!
You feel sick.
You feel sick.
You feel sick.
You barely miss the orc.
You feel sick.
The orc hits you with a +0 dagger of venom.
* * * LOW HITPOINT WARNING * * *
You are more poisoned.
You aren't carrying any potions.
You barely miss the orc.
* * * LOW HITPOINT WARNING * * *
You feel sick. The orc misses you. The orc closely misses you.
You closely miss the orc.
* * * LOW HITPOINT WARNING * * *
You feel sick. The orc hits you but does no damage.
You are more poisoned.
You hit the orc.
The orc is moderately wounded.
You die...
Xom chuckles heartily!

####)## #..#
######## ##.#
#......# #.#
#......#.# #.#
#......#.# #.#
#..$...... #.#
#......(##
#.###.(...(...
#.@oo.........##
####o...###.....
####?....$...
#####..o## .#


You could see 3 orcs.

Vanquished Creatures
  An orc priest (D:3)
  A leopard gecko (D:1)
  2 orcs (D:3)
  A goblin (D:2)
  2 hobgoblins (D:1)
  A kobold (D:1)
  A bat (D:2)
  2 rats
11 creatures vanquished.

Notes
Turn   | Place    | Note
-------+----------+-------------------------------------------
     0 | D:1      | Lanoc the Demonspawn Chaos Knight began the quest for the
                  | Orb.
     0 | D:1      | Reached XP level 1. HP: 18/18 MP: 1/1
    17 | D:1      | Reached skill level 1 in Dodging
   118 | D:1      | XOM: silly message
   124 | D:1      | XOM: divination: magic mapping
   234 | D:2      | Gained mutation: You sometimes gain a little power by
                  | taking damage. [demonic ancestry]
   234 | D:2      | Reached XP level 2. HP: 21/24 MP: 2/2
   317 | D:3      | Gained mutation: You sometimes gain power by taking damage.
                  | [demonic ancestry]
   317 | D:3      | Reached XP level 3. HP: 17/29 MP: 3/3
   469 | D:3      | Succumbed to an orc's poison

Illustrated notes

Levels and vault maps discovered:
D:1:      psy_arrival_radial01, layout_loops_ring
D:2:      layout_loops_ring, wander_ebering_terrifying_dragon_lair, uniq_sigmund
D:3:      layout_rooms, okawaru_altar_gauntlet_db, lemuel_altar_in_water2

Skill      XL: |  1  2 |
---------------+-------+-----
Dodging        | 1 |  1.4
Maces & Flails | 3 |  3.3
Armour         | 2 |  2.2
Fighting       | |  3.3

Action                   || total
-------------------------++-------
Melee: Mace              ||    28
Armor: Leather armour    ||    10
Dodge: Dodged            ||    16

Table legend: (Time is in decaauts)
 A = Elapsed time spent in this place.
 B = Non-inter-level travel time spent in this place.
 C = Inter-level travel time spent in this place.
 D = Time resting spent in this place.
 E = Time spent auto-exploring this place.
 F = Levels seen in this place.
 G = Mean time per level.
                   A        B        C        D        E       F      G
               +--------+--------+--------+--------+--------+-----+--------+
         Total |    475 |    467 |      8 |      5 |    367 |   3 |  158.3 |
       Dungeon |    475 |    467 |      8 |      5 |    367 |   3 |  158.3 |
               +--------+--------+--------+--------+--------+-----+--------+

Top non-repeatable levels by time:
     D:3: 196 daAuts
     D:1: 145 daAuts
     D:2: 133 daAuts
